General information
- name: BNet
- type: Ladder team game (AT/RT)
- host: Battle.net
- saver: JulianAssange
map: GolemsInTheMist
- players: 8
- length: 10:53
- speed: Fast
- version: 1.26 W3XP
- replay type: Public
» download(71 KB)
Players
team 1 (winner)

»
adidas4 (
teal | 43 APM | 468 actions | 10:50)
3 Tauren Chieftain
2 War Stomp
1 Endurance Aura
» actions
| Assign group hotkey | 3 | |
| Basic commands | 5 | |
| Build / train | 30 | |
| Enter build submenu | 13 | |
| Enter hero's abilities submenu | 3 | |
| Right click | 225 | |
| Select / deselect | 161 | |
| Select group hotkey | 1 | |
| Use ability | 27 | |
468 total
» units
» upgrades
» buildings
| Altar of Storms | 1 | |
| Orc Burrow | 3 | |
| Barracks | 1 | |
| Stronghold | 1 | |
| War Mill | 1 | |
| Fortress | 1 | |
| Watch Tower | 3 | |
| Voodoo Lounge | 2 | |
| Tauren Totem | 2 | |
15 total
» build order
00:07 Altar of Storms
00:09 Orc Burrow
00:48 Barracks
02:17 Orc Burrow
03:21 Orc Burrow
03:47 Stronghold
04:15 War Mill
06:09 Fortress
06:19 Watch Tower
07:26 Watch Tower
08:04 Voodoo Lounge
08:29 Voodoo Lounge
08:42 Tauren Totem
08:45 Tauren Totem
09:39 Watch Tower
» items
| Potion of Healing | 1 | |
| Potion of Mana | 1 | |
| Orb of Lightning | 1 | |
3 total
AllBleedRed (
blue | 59 APM | 642 actions | 10:50)
3 Blood Mage
2 Flame Strike
1 Siphon Mana
» actions
| Assign group hotkey | 83 | |
| Basic commands | 18 | |
| Build / train | 46 | |
| Enter build submenu | 19 | |
| Enter hero's abilities submenu | 3 | |
| Right click | 212 | |
| Select / deselect | 146 | |
| Select group hotkey | 62 | |
| Use ability | 53 | |
642 total
» units
| Peasant | 12 | |
| Footman | 4 | |
| Goblin Shredder | 1 | |
| Sorceress | 2 | |
| Goblin Zeppelin | 1 | |
20 total
» upgrades
| Masonry | 2 | |
| Sorceress Training | 1 | |
| Magic Sentry | 1 | |
4 total
» buildings
| Altar of Kings | 1 | |
| Barracks | 1 | |
| Farm | 5 | |
| Scout Tower | 7 | |
| Keep | 1 | |
| Arcane Vault | 1 | |
| Town Hall | 1 | |
| Arcane Tower | 2 | |
| Lumber Mill | 1 | |
| Arcane Sanctum | 1 | |
| Castle | 1 | |
| Guard Tower | 1 | |
23 total
» build order
00:37 Altar of Kings
00:39 Barracks
00:54 Farm
01:06 Farm
01:11 Farm
01:33 Scout Tower
01:57 Farm
03:30 Keep
03:46 Arcane Vault
04:15 Town Hall
04:22 Farm
04:58 Arcane Tower
05:00 Lumber Mill
06:07 Arcane Sanctum
06:52 Castle
09:07 Scout Tower
09:07 Scout Tower
09:08 Scout Tower
09:09 Scout Tower
09:11 Scout Tower
09:12 Scout Tower
10:34 Arcane Tower
10:35 Guard Tower
» items
| Scroll of Regeneration | 3 | |
| Potion of Healing | 4 | |
| Potion of Mana | 3 | |
| Lesser Clarity Potion | 1 | |
| Scroll of Town Portal | 2 | |
13 total
JulianAssange (
green | 104 APM | 1134 actions | 10:53)
3 Mountain King
2 Storm Bolt
1 Bash
» actions
| Assign group hotkey | 33 | |
| Basic commands | 18 | |
| Build / train | 70 | |
| ESC pressed | 1 | |
| Enter build submenu | 16 | |
| Enter hero's abilities submenu | 3 | |
| Right click | 600 | |
| Select / deselect | 170 | |
| Select group hotkey | 171 | |
| Use ability | 52 | |
1134 total
» units
| Peasant | 22 | |
| Footman | 16 | |
| Goblin Shredder | 4 | |
| Goblin Zeppelin | 5 | |
47 total
» upgrades
» buildings
| Altar of Kings | 1 | |
| Barracks | 1 | |
| Farm | 6 | |
| Arcane Vault | 1 | |
| Scout Tower | 3 | |
| Arcane Tower | 5 | |
| Lumber Mill | 1 | |
| Keep | 2 | |
| Blacksmith | 1 | |
| Town Hall | 1 | |
22 total
» build order
00:13 Altar of Kings
00:16 Barracks
00:18 Farm
00:57 Farm
01:38 Farm
02:34 Arcane Vault
02:58 Farm
04:18 Farm
06:10 Scout Tower
06:42 Arcane Tower
06:49 Farm
08:53 Lumber Mill
09:35 Keep
09:36 Keep
09:41 Blacksmith
09:48 Scout Tower
09:52 Scout Tower
10:17 Arcane Tower
10:18 Arcane Tower
10:44 Town Hall
» items
| Scroll of Regeneration | 1 | |
| Lesser Clarity Potion | 1 | |
2 total
Surg3on (
orange | 44 APM | 476 actions | 10:50)
4 Archmage
2 Summon Water Elemental
2 Brilliance Aura
» actions
| Assign group hotkey | 17 | |
| Build / train | 40 | |
| Enter build submenu | 17 | |
| Enter hero's abilities submenu | 4 | |
| Right click | 159 | |
| Select / deselect | 105 | |
| Select group hotkey | 104 | |
| Use ability | 30 | |
476 total
» units
| Peasant | 11 | |
| Footman | 6 | |
| Rifleman | 2 | |
| Gryphon Rider | 3 | |
22 total
» upgrades
| Gunpowder | 1 | |
| Long Rifles | 1 | |
| Swords | 2 | |
| Armor | 1 | |
| Animal War Training | 1 | |
| Storm Hammers | 1 | |
7 total
» buildings
| Altar of Kings | 1 | |
| Barracks | 1 | |
| Farm | 8 | |
| Blacksmith | 2 | |
| Lumber Mill | 2 | |
| Keep | 1 | |
| Scout Tower | 6 | |
| Gryphon Aviary | 2 | |
| Castle | 1 | |
| Guard Tower | 4 | |
| Arcane Vault | 1 | |
29 total
» build order
00:13 Altar of Kings
00:25 Barracks
00:45 Farm
00:46 Farm
01:44 Farm
01:46 Farm
03:02 Blacksmith
03:12 Lumber Mill
03:45 Keep
03:50 Blacksmith
05:22 Farm
05:23 Farm
05:33 Lumber Mill
06:32 Scout Tower
06:33 Scout Tower
06:36 Scout Tower
07:19 Gryphon Aviary
07:21 Gryphon Aviary
07:22 Castle
08:46 Guard Tower
08:48 Guard Tower
08:49 Guard Tower
09:10 Scout Tower
09:14 Farm
09:15 Farm
09:58 Arcane Vault
10:01 Scout Tower
10:02 Scout Tower
10:07 Guard Tower
team 2 (loser)

»
ducktales (
pink | 47 APM | 456 actions | 09:37)
2 Far Seer
1 Feral Spirit
1 Chain Lighting
» actions
| Assign group hotkey | 61 | |
| Basic commands | 16 | |
| Build / train | 33 | |
| Enter build submenu | 12 | |
| Enter hero's abilities submenu | 2 | |
| Give item / drop item | 1 | |
| Right click | 158 | |
| Select / deselect | 95 | |
| Select group hotkey | 47 | |
| Use ability | 31 | |
456 total
» units
| Peon | 8 | |
| Grunt | 8 | |
| Raider | 2 | |
| Wind Rider | 2 | |
20 total
» upgrades
| Ranged Weapons | 1 | |
| Armor | 1 | |
| Melee Weapons | 1 | |
3 total
» buildings
| Orc Burrow | 5 | |
| Altar of Storms | 1 | |
| Barracks | 1 | |
| Voodoo Lounge | 1 | |
| Stronghold | 2 | |
| War Mill | 1 | |
| Fortress | 1 | |
| Beastiary | 2 | |
| Spirit Lodge | 1 | |
15 total
» build order
00:22 Orc Burrow
00:35 Altar of Storms
00:54 Barracks
01:32 Orc Burrow
02:21 Voodoo Lounge
02:33 Orc Burrow
04:49 Stronghold
04:49 Stronghold
05:49 War Mill
07:50 Fortress
07:53 Beastiary
07:56 Beastiary
08:05 Orc Burrow
09:15 Orc Burrow
09:19 Spirit Lodge
» items
| Healing Salve | 2 | |
| Scroll of Speed | 1 | |
3 total

»
Gros_Jambon (
purple | 35 APM | 372 actions | 10:42)
2 Demon Hunter
1 Evasion
1 Mana Burn
» actions
| Basic commands | 1 | |
| Build / train | 32 | |
| Enter build submenu | 11 | |
| Enter hero's abilities submenu | 2 | |
| Remove unit from queue | 1 | |
| Right click | 193 | |
| Select / deselect | 118 | |
| Use ability | 14 | |
372 total
» units
» upgrades
| Strength of the Wild | 2 | |
| Reinforced Hides | 1 | |
3 total
» buildings
| Altar of Elders | 1 | |
| Moon Well | 3 | |
| Ancient of War | 1 | |
| Tree of Ages | 1 | |
| Hunter's Hall | 1 | |
| Ancient Protector | 1 | |
| Ancient of Wind | 1 | |
| Tree of Eternity | 1 | |
| Ancient of Wonders | 1 | |
11 total
» build order
00:23 Altar of Elders
00:38 Moon Well
00:58 Ancient of War
01:56 Moon Well
03:08 Moon Well
03:31 Tree of Ages
04:01 Hunter's Hall
05:35 Ancient Protector
06:12 Ancient of Wind
08:31 Tree of Eternity
08:39 Ancient of Wonders
imwastedagain (
yellow | 13 APM | 125 actions | 09:51)
2 Death Knight
1 Death Coil
1 Unholy Aura
» actions
| Basic commands | 29 | |
| Build / train | 16 | |
| Enter build submenu | 14 | |
| Enter hero's abilities submenu | 2 | |
| Right click | 1 | |
| Select / deselect | 45 | |
| Use ability | 18 | |
125 total
» units
| Acolyte | 3 | |
| Ghoul | 2 | |
| Crypt Fiend | 3 | |
8 total
» upgrades
| Web | 1 | |
| Creature Attack | 1 | |
| Creature Carapace | 1 | |
3 total
» buildings
| Graveyard | 1 | |
| Crypt | 2 | |
| Altar of Darkness | 1 | |
| Ziggurat | 7 | |
| Tomb of Relics | 1 | |
| Halls of the Dead | 1 | |
| Black Citadel | 1 | |
| Sacrificial Pit | 1 | |
15 total
» build order
01:03 Graveyard
01:11 Crypt
01:30 Crypt
01:40 Altar of Darkness
01:45 Ziggurat
02:12 Tomb of Relics
02:45 Ziggurat
02:52 Ziggurat
03:16 Ziggurat
03:57 Halls of the Dead
08:48 Black Citadel
09:08 Sacrificial Pit
09:16 Ziggurat
09:22 Ziggurat
09:35 Ziggurat

»
siverarrow120 (
red | 31 APM | 341 actions | 10:50)
3 Demon Hunter
2 Evasion
1 Mana Burn
» actions
| Basic commands | 4 | |
| Build / train | 31 | |
| Enter build submenu | 9 | |
| Enter hero's abilities submenu | 3 | |
| Right click | 121 | |
| Select / deselect | 160 | |
| Use ability | 13 | |
341 total
» units
» buildings
| Altar of Elders | 1 | |
| Moon Well | 4 | |
| Ancient of War | 3 | |
| Ancient of Wonders | 1 | |
| Tree of Ages | 1 | |
10 total
» build order
00:07 Altar of Elders
00:11 Moon Well
00:59 Ancient of War
01:19 Moon Well
02:28 Ancient of War
03:45 Moon Well
08:49 Ancient of War
09:02 Moon Well
09:17 Ancient of Wonders
09:18 Tree of Ages
Chat log
(00:14 / Allies) adidas4: mass footie rush all mk
(00:21 / Allies) JulianAssange: shut the fuck up
(00:23 / Allies) JulianAssange: this is an rts
(00:26 / Allies) JulianAssange: not street fighter
(00:28 / Allies) JulianAssange: a strategy game
(00:32 / Allies) JulianAssange: not a rush game for 5 minute fun
(00:36 / All) JulianAssange: Damn this embassy in the UK sucks. Can't go to Ecuador so I'm forced to play WC3 instead
(00:48 / All) imwastedagain: dont do to latin america mate
(00:55 / All) imwastedagain: im in mexico and i fear for my lfie everyday here
(01:04 / All) JulianAssange: I'm wanted by every first world governemtn bro
(01:06 / Allies) Surg3on: thy gonna rush us green and i dont like ur name
(01:09 / All) JulianAssange: they want me for owning wikileaks
(01:14 / All) ducktales: ur an idiot
(01:22 / All) JulianAssange: do you know who I am?
(01:26 / All) imwastedagain: well escape to latin america and live thrid world style
(01:26 / All) JulianAssange: I'm Julian Assange
(01:29 / All) JulianAssange: Check my Wikipedia article
(01:29 / All) AllBleedRed: there should be more outrage over that whole saga
(01:36 / Allies) adidas4: mass footie rush
(01:43 / All) siverarrow120: lol Wikipedia is full of shit
(01:52 / All) JulianAssange: Check info about me on WikiLeaks then
(01:57 / All) JulianAssange: http://wikileaks.org keep us strong
(02:02 / All) siverarrow120: still full of BS...
(02:16 / All) AllBleedRed: what's everyone's favorite misfits song?
(02:22 / All) JulianAssange: check me in the news then
(02:26 / All) JulianAssange: it's all over it about Julian Assange
(02:33 / All) imwastedagain: ur a loser wanting to be an idiot green
(02:44 / All) JulianAssange: I don't want to be an idiot green
(02:48 / All) JulianAssange: rather be an idiot red
(03:00 / All) ducktales: rush his ass for being stupid
(03:01 / All) JulianAssange: red is a better colour
(03:03 / All) imwastedagain: u obviusly american
(03:07 / All) JulianAssange: I'm not
(03:08 / All) JulianAssange: du suger
(03:10 / All) imwastedagain: reds my fav colour
(03:14 / All) JulianAssange: jag ar frän sverige
(03:15 / All) siverarrow120: :P
(04:00 / Allies) AllBleedRed: gold?
(04:20 / All) imwastedagain: what u wanted for green?
(04:27 / All) JulianAssange: Speak English please
(04:31 / All) ducktales: he probably dont know
(04:33 / All) ducktales: haha
(04:41 / All) JulianAssange: du pratar engelska?
(04:44 / All) imwastedagain: exactly pink
(04:46 / All) ducktales: exactly
(05:05 / All) JulianAssange: tu lingua latina?
(05:13 / All) imwastedagain: si
(05:19 / All) JulianAssange: lingua latina is lingua spqr
(05:21 / All) JulianAssange: not mexico
(05:22 / All) JulianAssange: faggot
(05:45 / All) imwastedagain: when u say faggot
(05:53 / All) imwastedagain: says ur prob from the uk or aus
(06:44 / Allies) AllBleedRed: tp orange
(07:02 / Allies) Surg3on: thers ur 5 minutes of fun green u ass
(07:34 / Allies) adidas4: bell?
(07:44 / Allies) AllBleedRed: call to arms
(07:50 / Allies) adidas4: bell
(08:06 / Allies) AllBleedRed: nice shgop teal
(08:42 / All) JulianAssange: sick rush faggots
(08:47 / All) JulianAssange: pedicabo ego vos et tu irrumabo
(08:50 / All) imwastedagain: fuk up cunt
(09:26 / Allies) JulianAssange: gold
(09:34 / Allies) JulianAssange: ty
(09:55 / All) AllBleedRed: lol
(09:55 / All) JulianAssange: lol!
(10:36 / Allies) adidas4: gold